 Dungeon Crawl Stone Soup version 0.29.1 (webtiles) character file.

Game seed: 7795075953288518977

86 ILmort the Grave Robber (level 4, -2/21 HPs)
             Began as a Vine Stalker Necromancer on Sept 14, 2022.
             Slain by Crazy Yiuf
             ... wielding a +2 quarterstaff of chaos
              (8 damage)
             ... on level 2 of the Dungeon.
             The game lasted 00:07:31 (2540 turns).

ILmort the Grave Robber (Vine Stalker Necromancer)  Turns: 2540, Time: 00:07:31

Health: -2/21      AC:  6    Str: 13    XL:     4   Next: 49%
Magic:  0/8        EV: 16    Int: 15    God:
Gold:   57         SH:  0    Dex: 14    Spells: 6/7 levels left

rFire   . . .      SeeInvis .     - Unarmed
rCold   . . .      Faith    .   (no shield)
rNeg    . . .      Spirit   +   a - +0 robe
rPois   .          Reflect  .   j - +0 helmet
rElec   .          Harm     .   f - scarf {shadows}
rCorr   .          Rampage  +   (no gloves)
Will    .....                   i - +2 pair of boots {rampage}
Stlth   ++........              (no amulet)
HPRegen 0.87/turn               r - +4 ring of evasion
MPRegen 0.11/turn               (no ring)

@: no status effects
A: fangs 2, regeneration 1, magic shield, antimagic bite, no potion heal 2
a: no special abilities


You were on level 2 of the Dungeon.
You visited 1 branch of the dungeon, and saw 3 of its levels.

You collected 57 gold pieces.

Inventory:

Armour
 a - a +0 robe (worn)
 f - a scarf of shadows (worn)
 i - a +2 pair of boots of rampaging (worn)
 j - a +0 helmet (worn)
Magical Staves
 c - a staff of poison
Jewellery
 r - a +4 ring of evasion (left hand)
Scrolls
 e - 5 scrolls of identify {unknown}
 g - a scroll of teleportation {unknown}
 h - a scroll of vulnerability {unknown}
 l - 2 scrolls of enchant armour {unknown}
 n - 3 scrolls of immolation {unknown}
 p - a scroll of noise {unknown}
Potions
 b - a potion of magic
 d - a potion of degeneration {unknown}
 k - a potion of attraction {unknown}
 m - 2 potions of heal wounds {unknown}
 o - a potion of curing {unknown}
 q - a potion of ambrosia {unknown}


   Skills:
 - Level 1.5 Dodging
 + Level 3.5 Stealth
 + Level 1.8 Unarmed Combat
 - Level 2.1 Spellcasting
 * Level 5.0 Necromancy


You had 6 spell levels left.
You knew the following spells:

 Your Spells              Type           Power      Damage    Failure   Level
a - Necrotise             Necr           64%        1d7       2%          1

Your spell library contained the following spells:

 Spells                   Type           Power      Damage    Failure   Level
 Vampiric Draining        Necr           16%        2d7       9%          3
 Animate Dead             Necr           16%        N/A       28%         4
 Agony                    Necr           16%        N/A       61%         5


Dungeon Overview and Level Annotations

Branches:
Dungeon (3/15)

Altars:
The Shining One

Annotations:
D:2 Crazy Yiuf


Innate Abilities, Weirdness & Mutations

You have extremely sharp teeth.
Your natural rate of healing is unusually fast.
When hurt, damage is shared between your health and your magic reserves.
Your bite disrupts and absorbs the magic of your enemies.
Potions cannot restore your health.


Message History

You kill the bat!
A bat comes into view.
A bat is nearby!
The bat completely misses you.
You closely miss the bat. You bite the bat, but do no damage.
The bat hits you but does no damage. The bat barely misses you.
The bat hits you but does no damage. The bat barely misses you.
You closely miss the bat. You bite the bat.
You kill the bat!
You see here a bat corpse.
You see here a bat corpse.
Found a runed translucent door.
Found a hammer.
Crazy Yiuf shouts!
Here: Crazy Yiuf, wielding a +2 quarterstaff of chaos and wearing a +0 cloak (fire blocked by a runed translucent door)
The floor.
Crazy Yiuf says, "East!"
(D) Dungeon
Where to? (? - help)
Okay, then.
Here: Crazy Yiuf, wielding a +2 quarterstaff of chaos and wearing a +0 cloak (fire blocked by a runed translucent door)
The floor.
You open the door. You hit Crazy Yiuf.
Crazy Yiuf hits you with a +2 quarterstaff of chaos!
Crazy Yiuf burns you.
You hit Crazy Yiuf but do no damage. You bite Crazy Yiuf. You drain his power.
You feel invigorated.
Crazy Yiuf hits you with a +2 quarterstaff of chaos!
* * * LOW HITPOINT WARNING * * *
You feel your power leaking away.
You hit Crazy Yiuf. Your bite misses Crazy Yiuf. Crazy Yiuf closely misses you.
You hit Crazy Yiuf but do no damage.
Crazy Yiuf cries, "Fluff!
Two meccalolo toodlewoodle."
Crazy Yiuf closely misses you.
You hit Crazy Yiuf. Your bite misses Crazy Yiuf.
Crazy Yiuf laughs, "Trifle!"
Crazy Yiuf hits you with a +2 quarterstaff of chaos!
You die...

#....###.#
#....# #†#
♣....♣ #.#
♣♣...♣ #.# ♣♣.♣♣
#.## ♣♣.♣ #..#
♣.♣♣ ##.# ♣♣.♣
#.# ♣@♣♣ #.# #g#
#.##### ...
#.....# #...#
#####.# #)..#
#.##### #####
######......
#.....#.....
#####.....#.....
#.........#.....


You could see Crazy Yiuf.

Vanquished Creatures
  Robin (D:2)
  5 dart slugs
  7 ball pythons
  4 bats
  4 endoplasms
  7 giant cockroaches
  10 goblins
  6 hobgoblins
  2 jackals (D:1)
  2 kobolds (D:1)
  A frilled lizard (D:2)
  6 rats
55 creatures vanquished.

Vanquished Creatures (collateral kills)
  A ball python (D:1)
  A goblin (D:2)
  A rat (D:1)
3 creatures vanquished.

Grand Total: 58 creatures vanquished

Notes
Turn   | Place    | Note
-------+----------+-------------------------------------------
     0 | D:1      | ILmort the Vine Stalker Necromancer began the quest for the
                  | Orb.
     0 | D:1      | Reached XP level 1. HP: 9/9 MP: 4/4
   114 | D:1      | Reached XP level 2. HP: 13/13 MP: 0/6
   328 | D:1      | You fall into a shaft and drop 1 floor!
   447 | D:2      | Reached skill level 1 in Unarmed Combat
   485 | D:3      | Reached XP level 3. HP: 5/16 MP: 0/7
   942 | D:2      | Noticed Robin
  1002 | D:2      | Killed Robin
  1160 | D:2      | Found a glowing golden altar of the Shining One.
  1408 | D:1      | Gained mutation: Your natural rate of healing is unusually
                  | fast. [Vine Stalker growth]
  1408 | D:1      | Reached XP level 4. HP: 21/21 MP: 5/8
  2352 | D:2      | Reached skill level 5 in Necromancy
  2523 | D:2      | Found a runed translucent door.
  2524 | D:2      | Noticed Crazy Yiuf
  2540 | D:2      | Slain by Crazy Yiuf

Illustrated notes

Levels and vault maps discovered:
D:1:      pf_arrival_petrified_forest, layout_basic
D:2:      layout_rooms, basic_altar, uniq_robin, uniq_crazy_yiuf_cottage
D:3:      layout_basic, chequers_temple_overflow_statue_of_worship,
          ebering_ghost_disaster_area

Skill      XL: |  1  2  3  4 |
---------------+-------------+-----
Unarmed Combat | 1 |  1.8
Stealth        | 3 |  3.5
Necromancy     | 5 |  5.0
Dodging        | |  1.5
Spellcasting   | |  2.1

Action                   |  1- 3 |  4- 6 || total
-------------------------+-------+-------++-------
Melee: Unarmed           |    25 |    28 ||    53
       Bite              |     6 |    10 ||    16
 Cast: Necrotise         |    51 |    31 ||    82
 Stab: Sleeping          |     1 |     2 ||     3
Armor: Robe              |    14 |    12 ||    26
Dodge: Dodged            |    24 |    23 ||    47
